 Dungeon Crawl Stone Soup version 0.29.1 (webtiles) character file.

Game seed: 12889680428483868303

730 ImASeal the Chopper (level 7, -3/71 HPs)
             Began as a Troll Fighter on Sept 14, 2022.
             Slain by a gnoll bouda
             ... wielding a +0 club
              (7 damage)
             ... on level 4 of the Dungeon.
             The game lasted 00:09:12 (3725 turns).

ImASeal the Chopper (Troll Fighter)                 Turns: 3725, Time: 00:09:12

Health: -3/71      AC:  0    Str: 33    XL:     7   Next: 44%
Magic:  6/6        EV:  8    Int:  4    God:
Gold:   286        SH:  7    Dex:  9    Spells: 6/6 levels left

rFire   . . .      SeeInvis .   a - +0 war axe
rCold   . . .      Faith    .   c - +0 kite shield
rNeg    + . .      Spirit   .   b - +0 robe
rPois   .          Reflect  .   (helmet restricted)
rElec   .          Harm     .   (no cloak)
rCorr   .          Rampage  .   (gloves unavailable)
Will    .....                   (boots unavailable)
Stlth   +.........              (no amulet)
HPRegen 1.01/turn               m - +6 ring of strength
MPRegen 0.10/turn               s - ring of positive energy

@: corroded
A: large, unfitting armour, claws 3, regeneration 1, shaggy fur 1, tough skin 1
a: no special abilities


You were on level 4 of the Dungeon.
You visited 1 branch of the dungeon, and saw 5 of its levels.

You collected 286 gold pieces.

Inventory:

Hand Weapons
 a - a +0 war axe (weapon)
 n - the +2 short sword of Havoc {vamp, rElec MP+9 Str-4 Dex+3}
   (You found it on level 2 of the Dungeon)

   It occasionally heals its wielder for a portion of the damage dealt when it
   wounds a living foe.
   Str:       It affects your strength (-4).
   Dex:       It affects your dexterity (+3).
   rElec:     It insulates you from electricity.
   MP:        It affects your magic capacity (+9).
Missiles
 e - 5 poisoned darts
 l - 23 stones
 y - a throwing net
 B - 3 boomerangs (quivered)
Armour
 b - a +0 robe (worn)
 c - a +0 kite shield (worn)
Magical Staves
 f - a staff of conjuration
Jewellery
 m - a +6 ring of strength (left claw)
 s - a ring of positive energy (right claw)
 t - a ring of protection from cold
Wands
 x - a wand of roots (2)
Scrolls
 h - 2 scrolls of teleportation
 i - 2 scrolls of immolation {unknown}
 j - a scroll of fog {unknown}
 k - a scroll of summoning
 p - a scroll of identify
 u - a scroll of acquirement {unknown}
 v - a scroll of amnesia {unknown}
 A - a scroll of enchant armour {unknown}
Potions
 d - a potion of might
 g - a potion of heal wounds
 o - 2 potions of brilliance {unknown}
 q - 4 potions of curing
 r - a potion of lignification {unknown}
 w - a potion of attraction {unknown}
 z - 3 potions of flight {unknown}


   Skills:
 + Level 4.3 Fighting
 + Level 5.8 Axes
 + Level 1.1 Throwing
 - Level 2.4 Dodging
 - Level 2.6 Shields


You had 6 spell levels left.
You didn't know any spells.
Your spell library contained the following spells:

 Spells                   Type           Power      Damage    Failure   Level
 Apportation              Tloc           0%         N/A       80%         1
 Necrotise                Necr           0%         1d4       80%         1
 Summon Small Mammal      Summ           0%         N/A       80%         1
 Ensorcelled Hibernation  Hex/Ice        0%         N/A       91%         2
 Passwall                 Tmut/Erth      0%         N/A       91%         2
 Ozocubu's Armour         Ice            0%         N/A       99%         3
 Swiftness                Air            0%         N/A       99%         3
 Corpse Rot               Necr/Pois/Air  0%         N/A       100%        4
 Dispel Undead            Necr           0%         3d6       100%        4
 Metabolic Englaciation   Hex/Ice        0%         N/A       100%        5
 Death Channel            Necr           0%         N/A       100%        6
 Simulacrum               Ice/Necr       0%         N/A       100%        6


Dungeon Overview and Level Annotations

Branches:
Dungeon (5/15)
 Temple: D:4-7

Altars:
Nemelex Xobeh


Innate Abilities, Weirdness & Mutations

You are too large for most types of armour.
You have claws for hands.
Your natural rate of healing is unusually fast.
You are covered in fur. (AC +1)
You have tough skin. (AC +1)


Message History

The gnoll bouda gazes fiercely through you!
You feel as though you will be weak longer.
The gnoll bouda hits you with a +0 club.
The gnoll hits you from afar with a +0 spear!
You climb upwards.
There is a stone staircase leading down here.
You slash the gnoll bouda!
The gnoll bouda is heavily wounded.
You hit the jelly.
Your claws burn!
The gnoll bouda hits you but does no damage.
You block the jelly's attack. You block the gnoll bouda's attack.
The jelly hits you. The acid corrodes you!
You are splashed with acid.
* * * LOW HITPOINT WARNING * * *
You hit the gnoll bouda.
The gnoll bouda is severely wounded.
You hit the jelly.
Your claws burn!
* * * LOW HITPOINT WARNING * * *
The gnoll bouda hits you with a +0 club.
* * * LOW HITPOINT WARNING * * *
The jelly barely misses you.
You feel much better. The gnoll bouda closely misses you.
The jelly barely misses you.
You closely miss the gnoll bouda.
The gnoll bouda is severely wounded.
You hit the jelly but do no damage.
Your claws burn!
The gnoll bouda hits you with a +0 club!
* * * LOW HITPOINT WARNING * * *
The jelly hits you.
* * * LOW HITPOINT WARNING * * *
You are splashed with acid!
* * * LOW HITPOINT WARNING * * *
You barely miss the gnoll bouda.
The gnoll bouda is severely wounded.
You slash the jelly!
You kill the jelly!
Your attacks no longer feel as feeble.
The gnoll bouda hits you with a +0 club!
* * * LOW HITPOINT WARNING * * *
The gnoll bouda hits you with a +0 club!
You die...

#################
#..g...'...#....#
#.<.@..#...#....#
#......#...#....#
#......#...#....#
#########.##..##....#
##......#####..##....#
#...................## ##
#.....).............## .#
#...###.#####'###....#
.#######...###.####...##....#


You could see a gnoll bouda.

Vanquished Creatures
  Grinder (D:3)
  2 scorpions (D:4)
  A howler monkey (D:4)
  A jelly (D:4)
  A hound (D:3)
  A gnoll bouda (D:3)
  Ijyb (D:3)
  Natasha (thrice) (D:3)
  5 adders
  8 gnolls
  A worm (D:3)
  A dart slug (D:3)
  10 orcs
  3 ball pythons (D:1)
  6 endoplasms
  6 giant cockroaches
  10 goblins
  9 hobgoblins
  11 jackals
  2 kobolds (D:4)
  2 quokkas
  9 bats
  3 frilled lizards
  7 rats
104 creatures vanquished.

Notes
Turn   | Place    | Note
-------+----------+-------------------------------------------
     0 | D:1      | ImASeal the Troll Fighter began the quest for the Orb.
     0 | D:1      | Reached XP level 1. HP: 22/22 MP: 0/0
   276 | D:1      | Reached XP level 2. HP: 29/29 MP: 1/1
   457 | D:1      | Reached skill level 2 in Axes
  1029 | D:2      | Noticed Natasha
  1061 | D:2      | Identified the +2 short sword of Havoc {vamp, rElec MP+9
                  | Str-4 Dex+3}
  1288 | D:2      | Reached XP level 3. HP: 36/37 MP: 2/2
  1843 | D:3      | Noticed Grinder
  1853 | D:3      | Paralysed by Grinder for 2 turns
  1865 | D:3      | Killed Grinder
  1866 | D:3      | Reached skill level 4 in Axes
  1866 | D:3      | Reached XP level 4. HP: 45/45 MP: 3/3
  1866 | D:3      | Reached XP level 5. HP: 53/53 MP: 4/4
  2171 | D:3      | Reached XP level 6. HP: 40/61 MP: 5/5
  2263 | D:3      | Killed Natasha
  2410 | D:3      | Noticed Natasha
  2414 | D:3      | Killed Natasha
  2466 | D:3      | Noticed Ijyb
  2471 | D:3      | Noticed Natasha
  2472 | D:3      | Killed Ijyb
  2482 | D:3      | Killed Natasha
  2483 | D:3      | Reached skill level 1 in Throwing
  2898 | D:3      | Reached skill level 5 in Axes
  3205 | D:4      | Reached XP level 7. HP: 30/70 MP: 6/6
  3322 | D:4      | Found a sparkling altar of Nemelex Xobeh.
  3705 | D:5      | Entered Level 5 of the Dungeon
  3725 | D:4      | Slain by a gnoll bouda

Illustrated notes

Levels and vault maps discovered:
D:1:      sevenhm_arrival_forest_fort_small_5, layout_basic
D:2:      layout_basic, serial_rivers, chequers_serial_rivers_micro_d,
          chequers_serial_rivers_large_a, chequers_serial_rivers_small_a,
          chequers_serial_rivers_micro_c, chequers_serial_rivers_micro_d,
          chequers_serial_rivers_room_a, uniq_natasha
D:3:      layout_basic, serial_rivers, chequers_serial_rivers_room_b,
          chequers_serial_rivers_micro_d, chequers_serial_rivers_micro_b,
          chequers_serial_rivers_large_b, chequers_serial_rivers_room_a,
          uniq_ijyb, uniq_grinder
D:4:      layout_gridville, mainiacjoe_overflow_24_doors,
          chequers_serial_rivers_room_b
D:5:      layout_layer_cave, mainiacjoe_overflow_paths,
          minmay_temple_entry_sparse_star, portal_sewer_entry_b,
          grunt_ministairs_7, serial_bayou_pond_e, uniq_prince_ribbit1

Skill      XL: |  1  2  3  4  5  6 |
---------------+-------------------+-----
Axes           | 2 4 5 |  5.8
Fighting       | 3 4 |  4.3
Throwing       | 1 |  1.1
Dodging        | |  2.4
Shields        | |  2.6

Action                   |  1- 3 |  4- 6 |  7- 9 || total
-------------------------+-------+-------+-------++-------
Melee: War axe           |   140 |   144 |    70 ||   354
Throw: Dart              |     5 |       |       ||     5
       Stone             |     2 |       |       ||     2
       Boomerang         |       |       |     6 ||     6
  Use: Scroll            |       |     1 |     2 ||     3
       Potion            |       |       |     1 ||     1
 Stab: Sleeping          |       |     1 |       ||     1
Armor: Robe              |    82 |    44 |    18 ||   144
Dodge: Dodged            |    83 |    53 |    28 ||   164
Block: Kite shield       |    88 |    69 |    28 ||   185
